 Dungeon Crawl Stone Soup version 0.29.0-11-gd7f09526c8 (webtiles) character file.

Game seed: 12290134568474016924

89 pacmanke6689 the Covered (level 4, -1/35 HPs)
             Began as a Human Fighter on Sept 3, 2022.
             Slain by an orc wizard
             ... wielding a +0 dagger
              (2 damage)
             ... on level 3 of the Dungeon.
             The game lasted 00:04:59 (1860 turns).

pacmanke6689 the Covered (Human Fighter)            Turns: 1860, Time: 00:05:01

Health: -1/35      AC:  8    Str: 18    XL:     4   Next: 84%
Magic:  0/4        EV:  9    Int:  9    God:
Gold:   170        SH:  4    Dex: 12    Spells: 3/3 levels left

rFire   . . .      SeeInvis .   a - +0 long sword
rCold   . . .      Faith    .   c - +0 buckler
rNeg    . . .      Spirit   +   b - +0 scale mail
rPois   .          Reflect  .   (no helmet)
rElec   .          Harm     .   (no cloak)
rCorr   .          Rampage  .   j - +0 pair of gloves
Will    .....                   (no boots)
Stlth   ..........              k - amulet of guardian spirit
HPRegen 0.11/turn               (no ring)
MPRegen 0.09/turn               (no ring)

@: mighty, invisible
A: no striking features
a: no special abilities


You were on level 3 of the Dungeon.
You visited 1 branch of the dungeon, and saw 3 of its levels.

You collected 170 gold pieces.

Inventory:

Hand Weapons
 a - a +0 long sword (weapon)
Armour
 b - a +0 scale mail (worn)
 c - a +0 buckler (worn)
 j - a +0 pair of gloves (worn)
Jewellery
 k - an amulet of guardian spirit (around neck)
Wands
 e - a wand of flame (21)
Scrolls
 g - a scroll of identify
Potions
 m - a potion of magic {unknown}


   Skills:
 + Level 3.2 Fighting
 + Level 3.2 Long Blades
 + Level 3.6 Armour
 + Level 0.7 Dodging
 + Level 3.4 Shields


You had 3 spell levels left.
You didn't know any spells.
Your spell library contained the following spells:

 Spells                   Type           Power      Damage    Failure   Level
 Animate Dead             Necr           0%         N/A       100%        4
 Borgnjor's Vile Clutch   Necr/Erth      0%         N/A       100%        5
 Death Channel            Necr           0%         N/A       100%        6


Dungeon Overview and Level Annotations

Branches:
Dungeon (3/15)

Altars:

Annotations:
D:3 Grinder


Message History

Pain shoots through your body!
* * * LOW HITPOINT WARNING * * *
You feel better. Something hits you.
* * * LOW HITPOINT WARNING * * *
You hear some strange, mumbled words.
Something tries to affect you, but you resist.
You block Grinder's attack.
You feel better. Something hits you but does no damage.
Grinder closely misses you. Something hits you but does no damage.
You feel better. You block something's attack. Something hits you.
Grinder says, "Wait up."
Grinder gestures at you. Pain shoots through your body!
It was a potion of invisibility.
You fade into invisibility!
Something hits you but does no damage.
You hear some strange, mumbled words.
A magic dart appears from out of thin air!
The magic dart hits you.
* * * LOW HITPOINT WARNING * * *
You block Grinder's attack.
You miss something. Something hits you but does no damage. Something hits you.
* * * LOW HITPOINT WARNING * * *
Grinder gestures at something. x2
Something writhes in agony.
Something hits you.
* * * LOW HITPOINT WARNING * * *
You barely miss something.
Grinder says, "At least Makhleb appreciates what I'm doing."
Grinder blinks!
Something hits you but does no damage.
You closely miss something.
You hear some strange, mumbled words.
Something tries to affect you, but you resist.
You barely miss something. Something hits you but does no damage.
You slash something!
Reactivating autopickup.
You feel a bit more experienced. Something hits you.
* * * LOW HITPOINT WARNING * * *
Deactivating autopickup; reactivate with Ctrl-A.
Something hits you.
You die...

#.####### ###...# #
#.# #.S.# #.. .#
####.# #....
#..#§#......
.#########.##......#
#
.........#......{###
# ########.†#.#..###
##
############.#######
### ##. .........#
#.##.@..# #.# #.#
.#######.###.##{)..#
#.# #.# .#
#.##.#.#.##5# #.#
#.# .# #.#>###..##.#
#†# #.# .# #..##
##.##.###.# #.# .#
#.##
##.......########.#
.# ##.##
##.##.###..........#
.# ##.###†###.#
##.#........
.##########.#)## #.#
##.########


You could see Grinder (unable to see you).

Vanquished Creatures
  An orc wizard (D:3)
  Ijyb (D:3)
  An adder (D:3)
  A worm (D:2)
  A dart slug (D:2)
  2 orcs (D:3)
  3 ball pythons
  2 giant cockroaches
  6 goblins (D:1)
  9 hobgoblins
  9 kobolds
  2 quokkas (D:2)
  4 bats
  5 frilled lizards
  3 rats (D:2)
50 creatures vanquished.

Vanquished Creatures (others)
  7 plants (D:1)
7 creatures vanquished.

Grand Total: 57 creatures vanquished

Notes
Turn   | Place    | Note
-------+----------+-------------------------------------------
     0 | D:1      | pacmanke6689 the Human Fighter began the quest for the Orb.
     0 | D:1      | Reached XP level 1. HP: 18/18 MP: 1/1
   200 | D:1      | Reached XP level 2. HP: 23/24 MP: 2/2
   643 | D:1      | Found a faded altar of an unknown god.
   688 | D:1      | Reached XP level 3. HP: 28/29 MP: 3/3
  1409 | D:3      | Noticed Ijyb
  1429 | D:3      | Killed Ijyb
  1430 | D:3      | Reached XP level 4. HP: 21/35 MP: 4/4
  1809 | D:3      | Noticed Grinder
  1860 | D:3      | HP: 1/35 [something (2)]
  1860 | D:3      | Slain by an orc wizard

Illustrated notes

Levels and vault maps discovered:
D:1:      sevenhm_arrival_forest_fort_large_2, layout_basic,
          shapermc_ecumenical_altar_flowoftime, serial_bayou_lagoon_a,
          hangedman_feature_mirror, ebering_dispersal_statue_hall
D:2:      layout_rooms, minmay_heptomino_o4
D:3:      minmay_razor_zed, layout_loops_ring, uniq_grinder, uniq_ijyb

Skill      XL: |  1  2  3 |
---------------+----------+-----
Long Blades    | 3 |  3.2
Fighting       | |  3.2
Armour         | |  3.6
Dodging        | |  0.7
Shields        | |  3.4

Action                   |  1- 3 |  4- 6 || total
-------------------------+-------+-------++-------
Melee: Long sword        |   142 |    32 ||   174
  Use: Scroll            |     3 |     2 ||     5
       Potion            |       |     7 ||     7
Armor: Scale mail        |    82 |    22 ||   104
Dodge: Dodged            |    63 |    14 ||    77
Block: Buckler           |    39 |     8 ||    47
